 Dungeon Crawl Stone Soup version 0.23.0-3-gf3c87f2 (webtiles) character file.

Game seed: 3010357211412121672

3159 Lauz the Destroyer (level 9, -13/45 HPs)
             Began as a Deep Elf Fire Elementalist on Feb 21, 2019.
             Was a Follower of Vehumet.
             Mangled by a two-headed ogre
             ... wielding a +0 giant club
              (25 damage)
             ... on level 8 of the Dungeon.
             The game lasted 00:33:46 (10259 turns).

Lauz the Destroyer (Deep Elf Fire Elementalist)    Turns: 10259, Time: 00:33:47

Health: -13/45     AC:  4    Str: 11    XL:     9   Next: 62%
Magic:  15/24      EV: 13    Int: 24    God:    Vehumet [*.....]
Gold:   376        SH:  5    Dex: 15    Spells: 14/27 levels left

rFire    . . .     SeeInvis .   t - +8 falchion "Xevurph" {freeze, Str+6}
rCold    . . .     Gourm    .   e - +2 buckler {rPois}
rNeg     . . .     Faith    .   a - +0 robe
rPois    +         Spirit   .   (no helmet)
rElec    .         Reflect  .   m - +1 cloak {MR+}
rCorr    .         Harm     .   (no gloves)
MR       ++...                  (no boots)
Stlth    ++........             (no amulet)
HPRegen  0.15/turn              y - ring of protection from magic
MPRegen  0.19/turn              (no ring)

@: no status effects
A: no striking features
a: Renounce Religion


You were on level 8 of the Dungeon.
You worshipped Vehumet.
Vehumet was aware of your devotion.
You were not hungry.

You visited 2 branches of the dungeon, and saw 9 of its levels.

You collected 376 gold pieces.

Inventory:

Hand Weapons
 t - the +8 falchion "Xevurph" (weapon) {freeze, Str+6}
   (You found it on level 7 of the Dungeon)

   It has been specially enchanted to freeze those struck by it, causing extra
   injury to most foes and up to half again as much damage against particularly
   susceptible opponents.
   It can also slow down cold-blooded creatures.
   It affects your strength (+6).
Armour
 a - a +0 robe (worn)
 e - a +2 buckler of poison resistance (worn)
 m - a +1 cloak of magic resistance (worn)
Jewellery
 d - a +4 ring of dexterity {unknown}
 u - an uncursed amulet of guardian spirit
 y - a ring of protection from magic (left hand)
Wands
 o - a wand of clouds (4)
 p - a wand of iceblast (10)
 w - a wand of flame (38)
Scrolls
 f - a scroll of amnesia
 g - 2 scrolls of magic mapping
 h - 2 scrolls of blinking
 i - 2 scrolls of teleportation
 j - 9 scrolls of identify
 l - 2 scrolls of remove curse
 q - 3 scrolls of enchant armour
 x - a scroll of enchant weapon {unknown}
 B - a scroll of vulnerability {unknown}
Potions
 b - 2 potions of degeneration
 k - 2 potions of haste {unknown}
 n - a potion of might {unknown}
 r - a potion of agility {unknown}
 s - a potion of heal wounds {unknown}
 v - a potion of brilliance {unknown}
 z - 2 potions of curing {unknown}
 A - a potion of flight {unknown}
Comestibles
 c - 6 rations
 C - 2 chunks of flesh


   Skills:
 + Level 3.6 Dodging
 - Level 2.5 Stealth
 - Level 0.6 Unarmed Combat
 + Level 9.6 Spellcasting
 * Level 10.0 Conjurations
 + Level 8.0 Fire Magic


You had 14 spell levels left.
You knew the following spells:

 Your Spells              Type           Power        Failure   Level  Hunger
a - Flame Tongue          Conj/Fire      #####        1%          1    None
b - Conjure Flame         Conj/Fire      ######..     1%          3    None
c - Sticky Flame          Conj/Fire      ######..     2%          4    #......
d - Fireball              Conj/Fire      ######....   6%          5    ####...

Your spell library contained the following spells:

 Spells                   Type           Power        Failure   Level  Hunger
 Sting                    Conj/Pois      ####         1%          1    None
 Throw Flame              Conj/Fire      ######       1%          2    None
 Inner Flame              Hex/Fire       ####....     5%          3    None
 Animate Skeleton         Necr           N/A          10%         1    None
 Pain                     Necr           ##..         10%         1    None
 Regeneration             Chrm/Necr      ##........   28%         3    None
 Vampiric Draining        Necr           ##........   28%         3    None
 Animate Dead             Necr           N/A          67%         4    #......


Dungeon Overview and Level Annotations

Branches:
Dungeon (8/15)             Temple (1/1) D:6
   Lair: D:8-11

Altars:
Ashenzari
Cheibriados
Dithmenos
Elyvilon
Fedhas
Gozag
Hepliaklqana
Kikubaaqudgha
Makhleb
Nemelex Xobeh
Okawaru
Qazlal
Ru
Trog
Uskayaw
Vehumet
Wu Jian
Xom
Yredelemnul
Zin
The Shining One

Shops:
D:4 *

Annotations:
D:6 Dowan
D:7 2 transporters, xccam's ghost, novice FoGl


Message History

The fireball engulfs the two-headed ogre!
The two-headed ogre is moderately wounded.
You hear a shout!
There is a stone staircase leading up here.
Casting: Fireball (safe; 6% risk of failure)
Confirm with . or Enter, or press ? or * to list all spells.
Aiming: Sticky Flame (safe; 2% risk of failure)
Press: ? - help, Shift-Dir - straight line, f/p - two-headed ogre
Aim: a two-headed ogre, wielding two +0 giant clubs (moderately wounded)
The sticky flame hits the two-headed ogre.
The two-headed ogre is moderately wounded.
The two-headed ogre is covered in liquid flames!
The two-headed ogre burns!
The two-headed ogre hits you with a +0 giant club!
The two-headed ogre hits you with a +0 giant club!!
* * * LOW HITPOINT WARNING * * *
The two-headed ogre burns!
The two-headed ogre hits you with a +0 giant club!!
Ouch! That really hurt!
You die...

.. .#### . ....##
.. .....#. #.....
#...## ....
###)...# .....
#.).#### ......#
......#)@##..
......# .....
#.O#... ......#
...o
#.....#####......#
...
#.....##.#.......#
..
####..............
% ##..##.........
##...###........
#...####........
#y<## #.(.......


You could see a two-headed ogre (burning).

Vanquished Creatures
  2 hippogriffs
  Menkaure (D:4)
  A water moccasin (D:7)
  Duvessa (D:6)
  3 orc warriors
  An ice beast (D:6)
  3 ogres
  2 phantoms
  3 sky beasts
  A centaur (D:6)
  A scorpion (D:4)
  3 killer bees
  3 hounds
  2 bullfrog skeletons (D:6)
  A gnoll shaman (D:4)
  3 orc priests
  4 iguanas
  3 worker ants
  10 orc wizards
  A hound zombie (D:8)
  2 hound skeletons (D:7)
  A worker ant zombie (D:6)
  A howler monkey skeleton (D:4)
  9 gnolls
  11 adders
  4 shadow imps
  An adder skeleton (D:7)
  4 worms
  3 dart slugs
  3 leopard geckos
  25 orcs
  4 bats
  4 giant cockroaches
  5 goblins
  8 hobgoblins
  9 jackals
  3 quokkas
  5 frilled lizards
  A giant cockroach zombie (D:6)
  7 kobolds
  9 rats
168 creatures vanquished.

Notes
Turn   | Place    | Note
-------+----------+-------------------------------------------
     0 | D:1      | Lauz the Deep Elf Fire Elementalist began the quest for the
                  | Orb.
     0 | D:1      | Reached XP level 1. HP: 10/10 MP: 6/6
   310 | D:1      | Reached XP level 2. HP: 15/15 MP: 5/8
   777 | D:2      | Found an ancient bone altar of Kikubaaqudgha.
   891 | D:2      | Reached XP level 3. HP: 19/19 MP: 6/9
   955 | D:2      | Found a glowing silver altar of Zin.
   957 | D:2      | Found a sparkling altar of Nemelex Xobeh.
  1156 | D:2      | Reached skill level 2 in Conjurations
  1372 | D:2      | Found a burning altar of Makhleb.
  1671 | D:3      | Reached XP level 4. HP: 24/24 MP: 3/11
  1819 | D:3      | Reached skill level 3 in Conjurations
  1826 | D:3      | Found a hide-covered altar of Uskayaw.
  2407 | D:3      | Learned a level 3 spell: Conjure Flame
  3033 | D:3      | Reached XP level 5. HP: 28/28 MP: 11/13
  3228 | D:3      | Learned a level 4 spell: Sticky Flame
  3345 | D:4      | Reached skill level 4 in Conjurations
  3440 | D:4      | Noticed an ogre
  3452 | D:4      | Killed an ogre
  3452 | D:4      | Reached XP level 6. HP: 8/32 MP: 0/15
  3810 | D:4      | Found a hazy altar of Hepliaklqana.
  3946 | D:4      | Found Yqinifiw's General Store.
  3959 | D:4      | Found a shattered altar of Ashenzari.
  4215 | D:4      | Reached skill level 5 in Spellcasting
  4215 | D:4      | Reached skill level 5 in Fire Magic
  4504 | D:4      | Noticed Menkaure
  4522 | D:4      | Killed Menkaure
  4522 | D:4      | Reached skill level 5 in Conjurations
  4604 | D:4      | Reached XP level 7. HP: 36/36 MP: 12/17
  4781 | D:5      | Entered Level 5 of the Dungeon
  5049 | D:5      | Reached skill level 6 in Conjurations
  5242 | D:5      | Found a stormy altar of Qazlal.
  6304 | D:6      | Found a staircase to the Ecumenical Temple.
  6468 | D:6      | Reached XP level 8. HP: 24/41 MP: 0/20
  6615 | D:6      | Reached skill level 7 in Conjurations
  6666 | D:6      | Noticed a hippogriff
  6671 | D:6      | Killed a hippogriff
  6979 | D:6      | Noticed Duvessa
  7003 | D:6      | Noticed Dowan
  7032 | D:6      | Killed Duvessa
  7253 | D:6      | Reached skill level 8 in Conjurations
  7849 | D:7      | Got a pitted falchion
  7850 | D:7      | Identified the +8 falchion "Xevurph" {freeze, Str+6} (You
                  | found it on level 7 of the Dungeon)
  7875 | D:7      | Reached XP level 9. HP: 37/45 MP: 4/23
  8121 | Temple   | Entered the Ecumenical Temple
  8311 | Temple   | Became a worshipper of Vehumet
  8533 | D:7      | Learned a level 5 spell: Fireball
  9041 | D:7      | Reached skill level 9 in Conjurations
  9136 | D:7      | Found a transporter.
  9140 | D:7      | Found a transporter.
  9152 | D:7      | Noticed xccam's ghost (novice FoGl)
  9795 | D:8      | Found an opulent altar of Gozag.
  9812 | D:8      | Noticed a two-headed ogre
 10093 | D:8      | Reached * piety under Vehumet
 10093 | D:8      | Offered knowledge of Sting by Vehumet.
 10105 | D:8      | Reached skill level 10 in Conjurations
 10259 | D:8      | Mangled by a two-headed ogre

Skill      XL: |  1  2  3  4  5  6  7  8  9 |
---------------+----------------------------+-----
Fire Magic     | 4 5 6 7 8 |  8.0
Conjurations   | 2 3 4 5 6 8 10 | 10.0
Spellcasting   | 4 5 6 8 9 |  9.6
Dodging        | 3 |  3.6
Stealth        | |  2.5
Unarmed Combat | |  0.6

Action                   |  1- 3 |  4- 6 |  7- 9 || total
-------------------------+-------+-------+-------++-------
Melee: Unarmed           |       |       |    17 ||    17
       Falchion          |       |       |    10 ||    10
 Cast: Flame Tongue      |    90 |    85 |   203 ||   378
       Conjure Flame     |       |     2 |       ||     2
       Sticky Flame      |       |     6 |    29 ||    35
       Fireball          |       |       |     8 ||     8
  Use: Scroll            |       |       |    11 ||    11
  Eat: Chunk             |     2 |     9 |    15 ||    26
       Ration            |       |       |     2 ||     2
Armor: Robe              |     4 |     4 |    11 ||    19
Dodge: Dodged            |    16 |     7 |    51 ||    74
Block: Buckler           |     4 |     4 |    34 ||    42
       Rpst.: Falchion   |       |       |     5 ||     5
